Map: Abyssal Reef LE

Players

ikrod - Winner!

  • Race: Terran Terran
  • League: Gold
  • Spawn Location: 11:00

SamuraiFunn

  • Race: Protoss Protoss
  • League: Platinum
  • Spawn Location: 5:00

VOD

Have the link to the VOD?

Description

Time

  • Played on: Nov. 26, 2017, 12:09 p.m.
  • Length: 14:36
Show
View Real Time Build Order
Export as new Build Order

ikrod Terran - Winner!

Build Orders: Command Center First (CC) 

Get SALT Encoding   

  12  0:02  SCV  
  13  0:19  SCV  
  14  0:22  Supply Depot  
  14  0:31  SCV  
  15  0:44  SCV  
  16  0:56  SCV  
  17  1:08  Command Center  
  17  1:09  SCV  
  18  1:25  Barracks  
  18  1:27  SCV  
  19  1:35  Barracks  
  19  1:48  SCV  
  19  1:50  Barracks  
  20  2:00  Supply Depot  
  20  2:01  SCV  
  21  2:15  Refinery  
  21  2:16  Barracks  
  21  2:18  SCV  
  22  2:23  SCV  
  22  2:24  Marine  
  24  2:31  SCV  
  24  2:33  Marine  
  26  2:41  Supply Depot  
  26  2:43  SCV  
  27  2:47  Marine  
  28  2:53  SCV  
  28  2:54  Marine  
  28  2:56  Marine  
  31  3:00  SCV  
  31  3:04  Marine  
  31  3:05  Marine  
  34  3:09  SCV  
  34  3:10  Refinery  
  34  3:12  Marine  
  36  3:16  Marine  
  36  3:17  SCV  
  38  3:26  Supply Depot  
  38  3:28  SCV  
  38  3:29  Marine  
  38  3:30  Marine  
  38  3:32  Marine  
  38  3:33  SCV  
  43  3:34  Marine  
  43  3:40  SCV  
  45  3:45  SCV  
  45  3:46  Marine  
  45  3:47  Marine  
  48  3:52  SCV  
  49  3:56  Supply Depot  
  49  3:59  Marine x2  
  49  4:00  SCV  
  52  4:05  SCV, Marine  
  52  4:06  Factory  
  54  4:13  Marine  
  55  4:18  Refinery  
  55  4:20  SCV  
  55  4:21  Engineering Bay, Marine  
  55  4:22  Marine  
  55  4:23  SCV  
  59  4:24  Marine  
  60  4:33  Marine, Engineering Bay  
  60  4:34  SCV  
  62  4:39  Marine  
  59  4:53  Marine x3  
  59  4:56  Marine  
  60  5:11  Marine x3  
  60  5:14  Marine  
  61  5:28  Marine  
  61  5:29  Marine x2  
  61  5:32  Marine  
  65  5:46  Marine x3  
  68  5:54  SCV  
  70  5:58  Terran Infantry Weapons Level 1  
  70  5:59  Terran Infantry Armor Level 1, Refinery  
  70  6:07  SCV  
  70  6:08  Barracks Tech Lab x2  
  70  6:09  Barracks Tech Lab x2  
  70  6:11  Factory Tech Lab  
  70  6:15  Factory  
  70  6:34  Command Center  
  70  6:38  Supply Depot  
  70  6:39  SCV  
  70  6:41  SCV  
  68  6:51  SCV  
  69  7:01  Supply Depot  
  69  7:02  Marauder x4  
  69  7:05  Combat Shields  
  69  7:06  Concussive Shells  
  69  7:08  Stimpack  
  77  7:10  SCV  
  77  7:14  Factory Tech Lab  
  78  7:19  Starport  
  78  7:23  SCV x2, Marauder, Siege Tank  
  78  7:24  Supply Depot  
  86  7:38  Command Center, Orbital Command x2  
  85  7:46  Marauder x4  
  85  7:49  Siege Tank  
  96  8:07  Marauder  
  96  8:08  Armory, Marauder x2  
  96  8:09  Refinery  
  96  8:10  Refinery  
  96  8:11  Marauder  
  104  8:16  SCV  
  105  8:23  Starport Reactor  
  105  8:29  Marauder x2  
  109  8:46  Marine  
  109  8:47  SCV x2, Marauder, Siege Tank  
  117  8:48  Starport  
  117  8:58  Marauder x2  
  121  9:03  Refinery  
  121  9:05  Marauder  
  121  9:08  Terran Infantry Weapons Level 2  
  123  9:15  Terran Infantry Armor Level 2  
  123  9:19  Terran Vehicle And Ship Armor Level 1  
  123  9:27  Supply Depot  
  123  9:34  Refinery  
  123  9:37  Marauder x3  
  129  9:40  Medivac  
  131  9:50  Supply Depot  
  131  9:52  Medivac  
  133  9:54  Starport  
  133  10:04  Supply Depot  
  133  10:06  Supply Depot  
  133  10:07  SCV x2  
  133  10:10  SCV, Medivac  
  133  10:13  Supply Depot  
  138  10:19  SCV, Siege Tank  
  142  10:22  Medivac  
  142  10:26  Marauder x2  
  148  10:30  SCV x2  
  148  10:35  Marauder x2  
  154  10:36  Supply Depot  
  154  10:46  Starport Reactor  
  154  10:49  Armory  
  154  10:57  Siege Tank  
  154  10:58  Siege Tank  
  154  11:00  Medivac  
  154  11:01  Supply Depot  
  153  11:25  Supply Depot  
  153  11:29  Siege Tank  
  157  11:32  SCV  
  157  11:33  SCV x2  
  159  11:44  SCV  
  159  11:46  Command Center  
  149  12:16  SCV x3  
  145  12:28  SCV x2  
  145  12:29  SCV  
  140  12:40  SCV x2  
  134  12:52  SCV  
  126  13:04  SCV x3  
  129  13:16  Marauder x2  
  133  13:22  Command Center  
  132  13:36  Marauder  
  132  13:38  Marauder  
  132  13:41  Marauder  
  132  13:42  Marauder  
  125  14:03  Marine x3  
  125  14:04  Marine  
Show
View Real Time Build Order
Export as new Build Order

SamuraiFunn Protoss 

Build Orders:  

Get SALT Encoding   

  12  0:01  Probe  
  13  0:13  Probe  
  14  0:24  Pylon  
  14  0:25  Probe  
  16  0:42  Probe (Chrono Boost)  
  17  0:54  Probe (Chrono Boost)  
  17  0:55  Gateway  
  17  1:01  Probe  
  18  1:13  Probe  
  18  1:15  Assimilator  
  19  1:25  Probe  
  20  1:37  Probe  
  21  1:50  Probe  
  22  1:54  Cybernetics Core  
  22  1:55  Gateway  
  22  2:01  Nexus  
  22  2:02  Probe  
  23  2:15  Assimilator  
  23  2:17  Pylon  
  23  2:31  Warp Gate (Chrono Boost)  
  23  2:35  Probe  
  24  2:47  Probe  
  25  2:51  Pylon  
  25  2:56  Sentry  
  27  3:00  Adept  
  27  3:04  Probe  
  30  3:15  Probe  
  30  3:16  Probe, Assimilator  
  32  3:36  Gateway  
  32  3:40  Probe  
  33  3:44  Probe  
  33  3:46  Robotics Facility  
  34  3:52  Probe  
  34  3:55  Assimilator  
  35  3:56  Probe  
  36  4:10  Probe x2  
  38  4:23  Probe x2, Pylon  
  40  4:25  Pylon  
  40  4:34  Stalker x2  
  40  4:35  Probe  
  37  4:53  Stalker  
  39  5:00  Stalker x2  
  39  5:17  Stalker  
  32  5:59  Probe x2  
  34  6:05  Pylon  
  34  6:06  Pylon  
  34  6:11  Nexus  
  34  6:15  Gateway  
  34  6:16  Gateway  
  34  6:18  Gateway  
  34  6:20  Gateway  
  34  6:34  Stalker  
  34  6:35  Stalker x2  
  38  6:47  Probe x2  
  40  7:09  Stalker  
  40  7:10  Stalker x2  
  40  7:11  Stalker  
  40  7:12  Stalker  
  40  7:14  Robotics Facility  
  40  7:15  Robotics Facility  
  50  7:23  Immortal, Twilight Council  
  54  7:37  Robotics Bay  
  54  7:39  Stalker x2  
  58  7:46  Stalker  
  60  8:02  Observer, Stalker x2  
  66  8:05  Probe x2  
  67  8:22  Probe x2  
  67  8:25  Pylon  
  69  8:38  Immortal  
  73  8:49  Observer x2  
  75  8:58  Probe x3  
  78  9:04  Stalker x2  
  78  9:05  Stalker x3  
  88  9:21  Blink (Chrono Boost)  
  88  9:56  Zealot x2  
  92  10:05  Pylon x2  
  92  10:07  Pylon  
  92  10:08  Pylon  
  92  10:10  Pylon  
  92  10:13  Assimilator  
  92  10:20  Assimilator  
  92  10:22  Colossus  
  92  10:23  Colossus  
  104  10:43  Zealot x2  
  104  10:44  Zealot x5  
  118  11:02  Charge  
  118  11:28  Colossus x2  
  107  12:37  Stalker  
  107  12:38  Stalker x5  
  107  12:40  Stalker  
  121  12:44  Colossus x2  
  85  12:58  Pylon  
  85  13:04  Pylon  
  85  13:10  Gateway  
  85  13:11  Gateway  
  85  13:12  Warp Prism  
  87  13:13  Gateway  
  87  13:16  Zealot x7  
  101  13:23  Gateway x2  
  101  13:32  Forge x2  
  101  13:35  Forge  
  83  13:46  Stalker x4  
Tags
 
Add a new tag
Caveats
  • Supply blocks, unpowered buildings, or Contaminate may cause inaccurate times.
  • Supply counts are checked every 10 seconds.